 Dungeon Crawl Stone Soup version 0.30-a0-475-g03497ec522 (webtiles) character file.

Game seed: 4588912286317548895

109 PyroL the Grasshopper (level 4, -4/54 HPs)
             Began as a Draconian Warper on Dec 21, 2022.
             Slain by a kobold brigand
             ... wielding a +0 whip
              (7 damage)
             ... in a sewer.
             The game lasted 00:03:47 (2070 turns).

PyroL the Grasshopper (Draconian Warper)            Turns: 2070, Time: 00:03:47

Health: -4/54      AC:  6    Str: 14    XL:     4   Next: 59%
Magic:  9/9        EV: 12    Int: 15    God:
Gold:   108        SH:  0    Dex: 10    Spells: 7/9 levels left

rFire   . . .      SeeInvis .    a - +0 mace
rCold   . . .      Faith    .    (no shield)
rNeg    . . .      Spirit   .    (body armour unavailable)
rPois   .          Reflect  .    (helmet restricted)
rElec   .          Harm     .    (no cloak)
rCorr   .          Rampage  .    (no gloves)
Will    +....                    k - +0 pair of boots
Stlth   ..........               (no amulet)
HPRegen 0.29/turn                (no ring)
MPRegen 0.11/turn                (no ring)

@: berserking (expiring), slow
A: AC +5, unfitting armour, cold-blooded, strong-willed 1
a: no special abilities


You were in a sewer.
You visited 1 branch of the dungeon, and saw 3 of its levels.
You also visited: Sewer.

You collected 108 gold pieces.

Inventory:

Hand Weapons
 a - a +0 mace (weapon)
Missiles
 c - 7 boomerangs of dispersal (quivered)
 m - 2 javelins
Armour
 k - a +0 pair of boots (worn)
Wands
 n - a wand of digging (8)
Scrolls
 b - 3 scrolls of blinking
 g - 2 scrolls of identify
 h - a scroll of fear {unknown}
 i - a scroll of enchant weapon {unknown}
 j - a scroll of torment {unknown}
Potions
 d - 3 potions of mutation
 f - 2 potions of heal wounds
 l - 2 potions of degeneration
 o - a potion of lignification {unknown}


   Skills:
 - Level 2.1 Fighting
 - Level 2.0 Maces & Flails
 - Level 0.8 Throwing
 - Level 2.1 Dodging
 + Level 3.4 Spellcasting
 + Level 4.3 Translocations


You had 7 spell levels left.
You knew the following spells:

 Your Spells              Type           Power      Damage    Failure   Level
a - Blink                 Tloc           30%        N/A       4%          2

Your spell library contained the following spells:

 Spells                   Type           Power      Damage    Failure   Level
 Lesser Beckoning         Tloc           30%        N/A       10%         3
 Teleport Other           Tloc           15%        N/A       10%         3
 Vhi's Electric Charge    Tloc/Air       18%        N/A       24%         3
 Manifold Assault         Tloc           15%        N/A       30%         4


Dungeon Overview and Level Annotations

Branches:
Dungeon (3/15)              Sewer (1/1)

Altars:
Hepliaklqana
Sif Muna
Wu Jian

Shops:
D:3 =


Innate Abilities, Weirdness & Mutations

Your plain brown scales are hard. (AC +5)
You cannot fit into any form of body armour.
You are cold-blooded and may be slowed by cold attacks.
You are strong-willed. (Will+)


Message History

You sock the kobold brigand!
Your tail-slap misses the kobold brigand.
The kobold brigand is moderately wounded.
The kobold brigand splashes around in the water.
Unknown command.
You barely miss the kobold brigand.
The kobold brigand is moderately wounded.
The kobold brigand hits you with a +0 whip.
* * * LOW HITPOINT WARNING * * *
The kobold brigand hits you with a +0 whip.
* * * LOW HITPOINT WARNING * * *
Unknown command.
It was a potion of mutation.
You feel extremely strange.
You feel strong-willed.
The kobold brigand completely misses you.
It was a potion of berserk rage.
A red film seems to cover your vision as you go berserk!
You feel yourself moving faster!
You feel mighty!
The kobold brigand hits you with a +0 whip.
* * * LOW HITPOINT WARNING * * *
Your unstable footing causes you to fumble your attack.
The kobold brigand barely misses you.
Unknown command.
You barely miss the kobold brigand.
The kobold brigand is moderately wounded.
You hit the kobold brigand.
The kobold brigand is heavily wounded.
The kobold brigand closely misses you.
Your unstable footing causes you to fumble your attack.
The kobold brigand hits you with a +0 whip.
* * * LOW HITPOINT WARNING * * *
You sock the kobold brigand!
The kobold brigand is severely wounded.
The kobold brigand splashes around in the water.
You completely miss the kobold brigand. You tail-slap the kobold brigand!
The kobold brigand is almost dead.
The kobold brigand misses you.
Your unstable footing causes you to fumble your attack.
The kobold brigand hits you with a +0 whip!
You die...

###..~~~..~.###
##.~~~~.~~~~~.~##
#~.~..#####..~~~#
#...~## ##..~~#
#.~~## ##~~.#
#~~~# #~~.# #...#
#...# ##.~.##
##~~~## #.~~~.#
#.~~@~# #†###~#
#.###K# #~# #~#
#~# #~# #~###†##
##~###.# ~~~#~~.#
#~~~#.~~ ~#~#~#~#
#~#~#~#~ ~#~#~#~#
#)#~#~ ~#
~#~#~#~# #~#~#~
~# .#.#.#.#
#.#.#K .#


You could see a kobold brigand.

Vanquished Creatures
  A river rat (Sewer)
  2 adders
  3 worms
  A dart slug (D:1)
  5 orcs (D:3)
  4 bats
  5 endoplasms
  5 giant cockroaches
  9 hobgoblins
  6 jackals (D:1)
  2 kobolds
  A quokka (D:2)
  6 ball pythons
  2 frilled lizards
  4 goblins
  3 rats
59 creatures vanquished.

Notes
Turn   | Place    | Note
-------+----------+-------------------------------------------
     0 | D:1      | PyroL the Draconian Warper began the quest for the Orb.
     0 | D:1      | Reached XP level 1. HP: 17/17 MP: 3/3
    63 | D:1      | Reached XP level 2. HP: 22/24 MP: 5/5
   646 | D:1      | Reached XP level 3. HP: 29/29 MP: 7/7
   698 | D:1      | Learned a level 2 spell: Blink
   841 | D:2      | Found a shimmering blue altar of Sif Muna.
  1568 | D:3      | Reached skill level 4 in Translocations
  1583 | D:3      | Found a hazy altar of Hepliaklqana.
  1584 | D:3      | Found an ornate altar of the Wu Jian Council.
  1626 | D:3      | Found Cipuss's Jewellery Emporium.
  1690 | D:3      | Found a glowing drain.
  1701 | D:3      | Reached XP level 4. HP: 28/36 MP: 8/8
  1836 | Sewer    | Entered a sewer
  2044 | Sewer    | Noticed a kobold brigand
  2062 | Sewer    | Gained mutation: You are strong-willed. (Will+) [potion of
                  | mutation]
  2067 | Sewer    | HP: 2/54 [kobold brigand/+0 whip (2)]
  2070 | Sewer    | Slain by a kobold brigand

Illustrated notes

Levels and vault maps discovered:
D:1:      minmay_arrival_jagged, layout_basic, chequers_serial_rivers_marsh
D:2:      layout_basic, basic_altar, grunt_ministairs_5
D:3:      layout_rooms, mainiacjoe_overflow_alcove_2,
          mainiacjoe_overflow_big_doors,
          shapermc_ecumenical_altar_starsandcircs, serial_shops,
          nicolae_shop_trees, gup_sewer_entry_glass
Sewer:    sewer_co_tree

Skill      XL: |  1  2  3 |
---------------+----------+-----
Spellcasting   | 3 |  3.4
Translocations | 4 |  4.3
Fighting       | |  2.1
Maces & Flails | |  2.0
Throwing       | |  0.8
Dodging        | |  2.1

Action                   |  1- 3 |  4- 6 || total
-------------------------+-------+-------++-------
Melee: Mace              |   149 |    73 ||   222
       Tailslap          |    11 |     7 ||    18
       Punch             |     3 |     3 ||     6
  Use: Potion            |       |     2 ||     2
       Scroll            |       |     1 ||     1
 Stab: Sleeping          |     1 |       ||     1
Armor: Skin              |    54 |    24 ||    78
Dodge: Dodged            |   114 |    56 ||   170

Table legend: (Time is in decaauts)
 A = Elapsed time spent in this place.
 B = Non-inter-level travel time spent in this place.
 C = Inter-level travel time spent in this place.
 D = Time resting spent in this place.
 E = Time spent auto-exploring this place.
 F = Levels seen in this place.
 G = Mean time per level.
                   A        B        C        D        E       F      G
               +--------+--------+--------+--------+--------+-----+--------+
         Total |   2180 |   2105 |     75 |     27 |   1513 |   4 |  545.0 |
       Dungeon |   1896 |   1821 |     75 |     27 |   1321 |   3 |  632.0 |
         Sewer |    283 |    283 |      0 |      0 |    191 |   1 |  283.0 |
               +--------+--------+--------+--------+--------+-----+--------+

Top non-repeatable levels by time:
     D:1: 858 daAuts
     D:2: 738 daAuts
     D:3: 299 daAuts
   Sewer: 283 daAuts
